 Dungeon Sprint DCSS version 0.23.2-33-g5129a83184 (webtiles) character file.

Game seed: 15565297193962368933

508 Atelerd the Fighter (level 7, -3/65 HPs)
             Began as an Octopode Conjurer on July 22, 2019.
             Was a Follower of Vehumet.
             Shot with an arrow by a deep elf archer (29 damage)
             ... in the Dungeon (Sprint V: "Ziggurat Sprint").
             The game lasted 00:02:02 (126 turns).

Atelerd the Fighter (Octopode Conjurer)              Turns: 126, Time: 00:02:03

Health: -3/65      AC:  1    Str: 19    XL:     7   Next: 18%
Magic:  10/10      EV:  7    Int: 32    God:    Vehumet [*.....]
Gold:   0          SH: 29    Dex: 24    Spells: 9/10 levels left

rFire    . . .     SeeInvis +   D - +14 obsidian axe {chop, +Fly SInv *Curse} (curse)
rCold    . . .     Gourm    .   E - +18 shield of the Gong {rElec rN+ MR+ EV-5}
rNeg     + . .     Faith    .   (helmet restricted)
rPois    .         Spirit   .   (no amulet)
rElec    +         Reflect  .   s - +6 ring of dexterity
rCorr    .         Harm     .   t - +6 ring of dexterity
MR       +....     NoTele   +   u - +6 ring of intelligence
Stlth    ++++......             v - +6 ring of intelligence
HPRegen  0.20/turn              w - +6 ring of strength
MPRegen  0.12/turn              x - +6 ring of strength
                                (no ring)
                                (no ring)

@: lethally poisoned (-3 -> -13), mesmerised, slowed, very slow
A: almost no armour, stealthy swim, amphibious, 8 rings, constrict 8, camouflage
1, gelatinous body 1
a: Renounce Religion, Evoke Flight


You were in the Dungeon.
You worshipped Vehumet.
Vehumet was aware of your devotion.
You were not hungry.

You visited 1 branch

Inventory:

Hand Weapons
 D - the cursed +14 obsidian axe (weapon) {chop, +Fly SInv *Curse}
   (You found it in the Dungeon)

   It inflicts extra damage upon your enemies.
   It lets you see invisible.
   It lets you fly.
   It curses itself when equipped.
   It has a curse placed upon it.
Armour
 E - the +18 shield of the Gong (worn) {rElec rN+ MR+ EV-5}
   (You found it in the Dungeon)

   It affects your evasion (-5).
   It insulates you from electricity.
   It protects you from negative energy.
   It affects your resistance to hostile enchantments.
Jewellery
 s - a +6 ring of dexterity (left tentacle)
 t - a +6 ring of dexterity (right tentacle)
 u - a +6 ring of intelligence (on tentacle)
 v - a +6 ring of intelligence (on tentacle)
 w - a +6 ring of strength (on tentacle)
 x - a +6 ring of strength (on tentacle)
 B - an uncursed ring of flight
Wands
 y - a wand of disintegration (7)
 z - a wand of iceblast (7)
 A - a wand of acid (4)
Scrolls
 h - 4 scrolls of blinking
 k - 4 scrolls of amnesia
 n - 7 scrolls of fog
 o - a scroll of holy word
 p - 5 scrolls of identify
 q - 5 scrolls of remove curse
 r - 2 scrolls of fear
Potions
 a - 2 potions of brilliance
 c - 9 potions of curing
 d - 6 potions of heal wounds
 e - 6 potions of haste
 f - 7 potions of magic
 g - 3 potions of berserk rage
 i - 2 potions of invisibility
 j - 4 potions of resistance
 l - 5 potions of agility
 m - 5 potions of might
Miscellaneous
 C - a lightning rod (4/4)
Comestibles
 b - 7 rations


   Skills:
 + Level 13.7 Fighting
 - Level 2.0 Dodging
 - Level 2.6 Stealth
 - Level 5.0 Shields
 - Level 2.0 Spellcasting
 - Level 4.0 Conjurations


You had 9 spell levels left.
You knew the following spells:

 Your Spells              Type           Power        Failure   Level  Hunger
a - Magic Dart            Conj           ####         4%          1    None

Your spell library contained the following spells:

 Spells                   Type           Power        Failure   Level  Hunger
 Freeze                   Ice            #...         24%         1    None
 Searing Ray              Conj           ####..       7%          2    ##.....
 Dazzling Spray           Conj/Hex       ###...       32%         3    ###....
 Iskenderun's Mystic Bla  Conj           ####....     43%         4    ####...
 Force Lance              Conj/Tloc      ###.....     71%         4    ####...
 Fulminant Prism          Conj/Hex       ###.......   71%         4    ####...


Dungeon Overview and Level Annotations

Branches:
Dungeon (1/1)

Altars:
Ashenzari
Cheibriados
Dithmenos
Elyvilon
Fedhas
Gozag
Hepliaklqana
Kikubaaqudgha
Makhleb
Nemelex Xobeh
Okawaru
Qazlal
Ru
Sif Muna
Trog
Uskayaw
Vehumet
Wu Jian
Xom
Yredelemnul
Zin
The Shining One
Beogh
Jiyva
Lugonu

Annotations:
D 1 transporter


Innate Abilities, Weirdness & Mutations

You cannot wear most types of armour.
You are very stealthy in the water. (Stealth+)
You are amphibious.
You can wear up to eight rings at the same time.
You can use your tentacles to constrict eight enemies at once.
Your skin changes colour to match your surroundings (Stealth+).
Your rubbery body absorbs attacks. (AC +1, EV +1)


Message History

You feel yourself slow down.
You block the +2 glaive of venom's attack.
GONNNNG!
Unknown command.
Unknown command.
Evoke which item? (* to show all) (? for menu, Esc to quit)
Aiming: Corrosive Bolt
Press: ? - help, Shift-Dir - straight line, f/p - deep elf archer
Aim: a deep elf archer, wielding a +0 longbow and wearing a +0 leather armour (severely wounded, repelling missiles)
The bolt of acid hits the deep elf archer!
The deep elf archer is splashed with acid.
The acid corrodes the deep elf archer!
The deep elf archer is almost dead.
You constrict the +2 glaive of venom.
You feel sick.
The deep elf archer points at you and mumbles some strange words.
You easily resist.
You block the +2 glaive of venom's attack.
PANG!
The deep elf archer shoots an arrow.
The arrow hits you!!
You die...

▓▓▓▓▓▓▓▓▓▓▓▓▓
▓.8©8.▓.8©8.▓
▓.["=.▓.....▓
▓..3..▓.).|.▓
▓.e.(.▓.....▓
▓...@.▓.....▓
▓...(.▓..©..▓
▓..©..▓▓▓▓▓▓▓
▓▓▓▓▓▓▓


You could see a deep elf archer, a +2 glaive of venom and a friendly sixfirhy
(confused).

Vanquished Creatures
  A golden eye (D)
  A jelly (D)
2 creatures vanquished.

Vanquished Creatures (collateral kills)
  A deep elf knight (D)
1 creature vanquished.

Grand Total: 3 creatures vanquished

Notes
Turn   | Place    | Note
-------+----------+-------------------------------------------
     0 | D        | Found the +6 Majin-Bo {vamp, Archmagi MP+6 Int+6}
     0 | D        | Found the +7 great mace "Firestarter" {inner flame, rF++}
     0 | D        | Atelerd the Octopode Conjurer began the quest for the Orb.
     0 | D        | Reached XP level 1. HP: 11/11 MP: 3/3
     0 | D        | Found a blossoming altar of Fedhas.
     1 | D        | Found a deep blue altar of Sif Muna.
     1 | D        | Found a sacrificial altar of Ru.
     1 | D        | Found a bloodstained altar of Trog.
     1 | D        | Found a stormy altar of Qazlal.
     1 | D        | Found an iron altar of Okawaru.
     1 | D        | Found a sparkling altar of Nemelex Xobeh.
     3 | D        | Reached skill level 5 in Fighting
     3 | D        | Reached skill level 5 in Shields
     3 | D        | Reached XP level 2. HP: 24/24 MP: 5/5
     4 | D        | Found a transporter.
     4 | D        | Found an ancient bone altar of Kikubaaqudgha.
     4 | D        | Found a viscous altar of Jiyva.
     4 | D        | Found a corrupted altar of Lugonu.
     4 | D        | Found a hazy altar of Hepliaklqana.
     4 | D        | Found a burning altar of Makhleb.
     4 | D        | Found an opulent altar of Gozag.
    35 | D        | Found the +9 heavy crossbow "Sniper" {velocity, Acc+∞ SInv}
    35 | D        | Found the +10 dark maul {crush}
    35 | D        | Found the +15 Maxwell's patent armour {-Cast -Tele rElec
                  | MR+ rCorr}
    35 | D        | Found the +18 shield of the Gong {rElec rN+ MR+ EV-5}
    35 | D        | Found the cursed +14 obsidian axe {chop, +Fly SInv *Curse}
    52 | D        | Became a worshipper of Vehumet
    75 | D        | Entered arena 2.
    75 | D        | Noticed a golden eye
    75 | D        | Found a transporter.
    78 | D        | Killed a golden eye
    78 | D        | Reached skill level 10 in Fighting
    78 | D        | Reached XP level 3. HP: 34/36 MP: 6/6
    78 | D        | Reached XP level 4. HP: 39/42 MP: 7/7
    78 | D        | Reached XP level 5. HP: 44/47 MP: 8/8
   111 | D        | Entered arena 3.
   111 | D        | Noticed a deep elf knight
   111 | D        | Noticed a +2 glaive of venom
   111 | D        | Noticed a deep elf archer
   111 | D        | Found a transporter.
   117 | D        | Killed a deep elf knight
   117 | D        | Reached * piety under Vehumet
   117 | D        | Offered knowledge of Freeze by Vehumet.
   117 | D        | Reached skill level 13 in Fighting
   117 | D        | Reached XP level 6. HP: 38/60 MP: 9/9
   117 | D        | Reached XP level 7. HP: 41/65 MP: 10/10
   126 | D        | Shot with an arrow by a deep elf archer

Skill      XL: |  1  2  3  4  5 |
---------------+----------------+-----
Fighting       | 5 10 13 | 13.7
Shields        | 5 |  5.0
Dodging        | |  2.0
Stealth        | |  2.6
Spellcasting   | |  2.0
Conjurations   | |  4.0

Action                   |  1- 3 |  4- 6 |  7- 9 || total
-------------------------+-------+-------+-------++-------
Melee: Broad axe         |     1 |     5 |     1 ||     7
       Tentacles         |     1 |     2 |       ||     3
       Constrict         |       |     1 |     1 ||     2
Evoke: Wand              |       |     1 |     2 ||     3
  Use: Potion            |     1 |       |     5 ||     6
 Stab: Sleeping          |     1 |       |       ||     1
Dodge: Dodged            |       |     1 |       ||     1
Block: Shield            |       |    10 |    10 ||    20
